 Dungeon Crawl Stone Soup version 0.30-a0-371-gad7725a93e (webtiles) character file.

Game seed: 15478071385284064755

1551 cowcol the Cleaver (level 8, -1/102 HPs)
             Began as a Purple Draconian Berserker on Nov 23, 2022.
             Was a Priest of Trog.
             Slain by a gnoll sergeant
             ... wielding a +0 spear of distortion
              (17 damage)
             ... on level 7 of the Dungeon.
             The game lasted 00:20:42 (6193 turns).

cowcol the Cleaver (Purple Draconian Berserker)     Turns: 6193, Time: 00:20:42

Health: -1/102     AC:  9    Str: 22    XL:     8   Next: 57%
Magic:  8/8        EV: 13    Int:  7    God:    Trog [***...]
Gold:   253        SH:  0    Dex: 11    Spells: 7/7 levels left

rFire   . . .      SeeInvis +    d - +5 executioner's axe of Responsibility {freeze, rC+ SInv}
rCold   + . .      Faith    .    (shield currently unavailable)
rNeg    . . .      Spirit   .    (body armour unavailable)
rPois   .          Reflect  .    (helmet restricted)
rElec   .          Harm     .    i - +2 cloak
rCorr   .          Rampage  .    (no gloves)
Will    ++...                    (no boots)
Stlth   ..........               s - amulet of regeneration
HPRegen 1.17/turn                j - ring of willpower
MPRegen 0.11/turn                (no ring)

@: berserking, short of breath, very quick
A: breathe power, AC +6, unfitting armour, cold-blooded
a: Breathe Dispelling Energy, Renounce Religion, Berserk, Trog's Hand


You were on level 7 of the Dungeon.
You worshipped Trog.
Trog was most pleased with you.
You visited 1 branch of the dungeon, and saw 7 of its levels.

You collected 253 gold pieces.

Inventory:

Hand Weapons
 a - a +0 hand axe
 d - the +5 executioner's axe of Responsibility (weapon) {freeze, rC+ SInv}
   (You acquired it on level 2 of the Dungeon)

   It freezes those it strikes, dealing additional cold damage.
   It can also slow down cold-blooded creatures.
   rC:        It protects you from cold.
   SInv:      It lets you see invisible.
 f - a +0 mace
 w - a +0 hammer
Missiles
 b - 50 stones
 n - 3 atropa-tipped darts (quivered)
Armour
 e - a +1 buckler
 i - a +2 cloak (worn)
Jewellery
 j - a ring of willpower (left hand)
 m - an amulet of reflection
 s - an amulet of regeneration (around neck)
 x - an amulet of faith
Wands
 u - a wand of digging (2)
 v - a wand of iceblast (11)
Scrolls
 g - 5 scrolls of teleportation
 h - a scroll of enchant armour
 t - a scroll of fog
Potions
 c - 5 potions of curing
 k - a potion of degeneration {unknown}
 l - 3 potions of brilliance
 o - a potion of berserk rage
 p - a potion of ambrosia {unknown}
 q - a potion of flight {unknown}
 r - a potion of resistance {unknown}


   Skills:
 + Level 5.1 Fighting
 + Level 9.0 Axes
 + Level 1.4 Throwing
 + Level 4.5 Dodging
 + Level 1.5 Stealth
 + Level 2.3 Shields


You had 7 spell levels left.
You didn't know any spells.
Your spell library contained the following spells:

 Spells                   Type           Power      Damage    Failure   Level
 Magic Dart               Conj           0%         1d3       43%         1
 Searing Ray              Conj           0%         2d4       56%         2
 Fulminant Prism          Conj/Hex       0%         3d5       99%         4


Dungeon Overview and Level Annotations

Branches:
Dungeon (7/15)             Temple (0/1) D:4

Altars:
Dithmenos
Xom
Zin
The Shining One


Innate Abilities, Weirdness & Mutations

You can breathe bolts of dispelling energy.
Your rich purple scales are hard. (AC +6)
You cannot fit into any form of body armour.
You are cold-blooded and may be slowed by cold attacks.


Message History

The gnoll misses you. The gnoll sergeant closely misses you.
The gnoll hits you from afar with a +0 spear!
The gnoll hits you but does no damage.
The gnoll hits you from afar with a +0 spear.
You hit the gnoll. You freeze the gnoll.
You tail-slap the gnoll, but do no damage.
The gnoll is lightly wounded.
The gnoll misses you. The gnoll completely misses you.
The gnoll barely misses you. The gnoll sergeant misses you.
You closely miss the gnoll.
The gnoll is lightly wounded.
The gnoll barely misses you.
A white imp comes into view.
The gnoll completely misses you. The gnoll misses you.
The gnoll sergeant hits you but does no damage.
Space warps around you.
A red film seems to cover your vision as you go berserk!
You feel yourself moving faster!
You feel mighty!
The gnoll hits you from afar with a +0 spear.
The gnoll hits you with a +0 whip. The gnoll hits you but does no damage.
The gnoll sergeant hits you from afar with a +0 spear of distortion.
Space warps around you.
You hit the gnoll. You freeze the gnoll.
The gnoll is severely wounded.
The gnoll completely misses you.
The gnoll hits you from afar with a +0 spear.
The gnoll completely misses you.
The gnoll sergeant hits you but does no damage.
Space warps horribly around you!!
* * * LOW HITPOINT WARNING * * *
You barely miss the gnoll.
The gnoll is severely wounded.
The gnoll completely misses you. The gnoll hits you with a +0 whip.
* * * LOW HITPOINT WARNING * * *
The gnoll hits you from afar with a +0 spear.
* * * LOW HITPOINT WARNING * * *
The gnoll sergeant hits you from afar with a +0 spear of distortion!
* * * LOW HITPOINT WARNING * * *
Space warps horribly around you!
You die...

........... ............
............ #.....gg.. .
##........ ... #........#
###....
#.......g##.......
#.......gg@.......
#.......g##.......
##........# .......
#.........# .......
#.........# .......
#........###.......
#..................
#............#####.#....
.
#............#####.#.....
.


You could see a gnoll sergeant and 3 gnolls.

Vanquished Creatures
  Eustachio (D:5)
  A sky beast (D:6)
  2 ogres
  2 kobold brigands
  A phantom (D:5)
  3 scorpions (D:5)
  A howler monkey (D:5)
  An orc priest (D:5)
  4 hounds
  Crazy Yiuf (D:6)
  A gnoll bouda (D:6)
  3 jellies
  Jessica (D:3)
  7 iguanas
  6 adders
  5 gnolls
  A shadow imp (D:6)
  An ufetubus (D:4)
  5 dart slugs
  11 orcs
  9 ball pythons
  4 endoplasms
  4 giant cockroaches
  3 goblins
  4 hobgoblins
  3 jackals (D:3)
  5 quokkas
  8 bats
  2 frilled lizards
  13 kobolds
  3 rats
116 creatures vanquished.

Vanquished Creatures (others)
  A plant (D:5)
1 creature vanquished.

Grand Total: 117 creatures vanquished

Notes
Turn   | Place    | Note
-------+----------+-------------------------------------------
     0 | D:1      | cowcol the Draconian Berserker began the quest for the Orb.
     0 | D:1      | Reached XP level 1. HP: 19/19 MP: 1/1
   135 | D:1      | Reached XP level 2. HP: 26/26 MP: 2/2
   903 | D:2      | Reached XP level 3. HP: 14/31 MP: 3/3
  1107 | D:2      | Found a faded altar of an unknown god.
  1341 | D:2      | Reached ** piety under Trog
  1499 | D:2      | Reached XP level 4. HP: 40/40 MP: 4/4
  1589 | D:2      | Found the +7 Kryia's mail coat {PotionHeal*2 rC+}
  1597 | D:2      | Identified a scroll of acquirement
  1597 | D:2      | Acquired the +5 executioner's axe of Responsibility
                  | {freeze, rC+ SInv}
  1618 | D:2      | Reached skill level 1 in Throwing
  2198 | D:3      | Noticed Jessica
  2201 | D:3      | Killed Jessica
  2202 | D:3      | Reached skill level 4 in Axes
  2900 | D:4      | Reached XP level 5. HP: 46/46 MP: 5/5
  2926 | D:4      | Found a staircase to the Ecumenical Temple.
  3171 | D:4      | Found a sparkling altar of Nemelex Xobeh.
  3176 | D:4      | Found an iron altar of Okawaru.
  3176 | D:4      | Found a broken altar of Ashenzari.
  3179 | D:4      | Found a glowing silver altar of Zin.
  3179 | D:4      | Found a shimmering altar of Xom.
  3179 | D:4      | Found a shadowy altar of Dithmenos.
  3293 | D:4      | Reached skill level 5 in Axes
  3356 | D:4      | Noticed a sky beast
  3645 | D:5      | Entered Level 5 of the Dungeon
  3674 | D:5      | Noticed Eustachio
  3703 | D:5      | Reached XP level 6. HP: 40/52 MP: 6/6
  3895 | D:5      | Killed Eustachio
  3896 | D:5      | Reached skill level 6 in Axes
  3896 | D:5      | Reached skill level 1 in Stealth
  3906 | D:5      | Your scales start taking on a rich purple colour.
  3906 | D:5      | Reached XP level 7. HP: 27/60 MP: 7/7
  4297 | D:5      | Reached skill level 7 in Axes
  4303 | D:5      | Reached *** piety under Trog
  4574 | D:5      | Reached skill level 1 in Shields
  4617 | D:5      | Found a glowing golden altar of the Shining One.
  4648 | D:5      | Reached XP level 8. HP: 65/67 MP: 8/8
  4871 | D:6      | Reached skill level 5 in Fighting
  4871 | D:6      | Reached skill level 8 in Axes
  5095 | D:6      | Identified the +0 ring mail of Parlour Games {rF+ Will+}
  5128 | D:6      | Found a shadowy altar of Dithmenos.
  5359 | D:6      | Found a runed translucent door.
  5360 | D:6      | Noticed Crazy Yiuf
  5641 | D:6      | Killed Crazy Yiuf
  6101 | D:7      | Reached skill level 9 in Axes
  6193 | D:7      | Slain by a gnoll sergeant

Illustrated notes

Levels and vault maps discovered:
D:1:      spicycebolla_arrival_xxxplode, layout_loops_ring
D:2:      layout_loops_ring, hellmonk_ecumenical_altar_blasted
D:3:      layout_basic, uniq_jessica
D:4:      layout_rooms, doesnt_xom_only_xom, minmay_temple_entry_ruins,
          lightli_corner_chamber
D:5:      minmay_recursive_quarters, layout_basic, tso_oasis_becter,
          hellmonk_bongcloud_opening, kennysheep_big_empty_room, st_stairs_8,
          hangedman_decor_riveting, uniq_eustachio
D:6:      layout_basic, nicolae_dithmenos_shadow_blocks, uniq_crazy_yiuf_cottage
D:7:      lemuel_ice_spiral_2, layout_basic, chequers_temple_overflow_minitemple

Skill      XL: |  1  2  3  4  5  6  7  8 |
---------------+-------------------------+-----
Dodging        | 3 4 |  4.5
Throwing       | 1 |  1.4
Axes           | 4 5 6 7 9 |  9.0
Fighting       | 4 5 |  5.1
Stealth        | 1 |  1.5
Shields        | 1 2 |  2.3

Action                   |  1- 3 |  4- 6 |  7- 9 || total
-------------------------+-------+-------+-------++-------
Melee: Hand axe          |   120 |     7 |       ||   127
       Tailslap          |    14 |    16 |    11 ||    41
       Executioner's axe |       |   104 |   108 ||   212
Throw: Stone             |    16 |     2 |       ||    18
       Dart              |       |     4 |     3 ||     7
Invok: Berserk           |     2 |     1 |     6 ||     9
 Abil: Breathe Dispellin |       |       |     3 ||     3
  Use: Scroll            |     2 |     5 |     5 ||    12
 Stab: Distracted        |       |     2 |       ||     2
Armor: Skin              |    53 |    66 |    29 ||   148
Dodge: Dodged            |    82 |   129 |    79 ||   290
Block: Buckler           |    15 |     1 |       ||    16
       Other             |       |       |    26 ||    26
       Reflection        |       |       |     1 ||     1

Table legend: (Time is in decaauts)
 A = Elapsed time spent in this place.
 B = Non-inter-level travel time spent in this place.
 C = Inter-level travel time spent in this place.
 D = Time resting spent in this place.
 E = Time spent auto-exploring this place.
 F = Levels seen in this place.
 G = Mean time per level.
                   A        B        C        D        E       F      G
               +--------+--------+--------+--------+--------+-----+--------+
         Total |   6418 |   5972 |    446 |   1153 |   3294 |   7 |  916.9 |
       Dungeon |   6418 |   5972 |    446 |   1153 |   3294 |   7 |  916.9 |
               +--------+--------+--------+--------+--------+-----+--------+

Top non-repeatable levels by time:
     D:6: 1456 daAuts
     D:3: 1209 daAuts
     D:5: 1057 daAuts
     D:2: 1021 daAuts
     D:1: 830 daAuts
     D:4: 673 daAuts
     D:7: 169 daAuts
